 Dungeon Crawl Stone Soup version 0.30.1-11-g7821555f0a (webtiles) character file.

Game seed: 17029905188675561838

30 comborobin the Chopper (level 3, 0/31 HPs)
             Began as a Hill Orc Delver on Dec 24, 2023.
             Slain by a gnoll
             ... wielding a +2 vampiric whip
              (3 damage)
             ... on level 4 of the Dungeon.
             The game lasted 00:02:15 (879 turns).

comborobin the Chopper (Hill Orc Delver)             Turns: 879, Time: 00:02:16

Health: 0/31       AC:  6    Str: 16    XL:     3   Next: 20%
Magic:  3/3        EV:  9    Int: 10    God:
Gold:   36         SH:  0    Dex: 12    Spells: 2/2 levels left

rFire   . . .        a - +0 hand axe
rCold   . . .        (no shield)
rNeg    . . .        f - +0 scale mail
rPois   .            (no helmet)
rElec   .            (no cloak)
rCorr   +            (no gloves)
SInv    .            (no boots)
Will    .....        (no amulet)
Stlth   +            h - ring of resist corrosion
HPRegen 0.25/turn    (no ring)
MPRegen 0.08/turn

%: no passive effects
@: no status effects
A: no striking features
a: no special abilities


You were on level 4 of the Dungeon.
You visited 1 branch of the dungeon, and saw 4 of its levels.

You collected 36 gold pieces.

Inventory:

Hand Weapons
 a - a +0 hand axe (weapon)
Armour
 b - a +0 leather armour
 e - a +0 ring mail
 f - a +0 scale mail (worn)
Jewellery
 h - a ring of resist corrosion (left hand)
Scrolls
 c - a scroll of fog
 d - a scroll of magic mapping
Potions
 g - a potion of berserk rage {unknown}
 i - a potion of curing {unknown}


   Skills:
 - Level 3.6 Fighting
 + Level 4.8 Axes
 - Level 1.5 Dodging
 - Level 4.1 Stealth


You had 2 spell levels left.
You didn't know any spells.
Your spell library contained the following spells:

 Spells                   Type           Power      Damage    Failure   Level
 Slow                     Hex            0%         N/A       82%         1
 Confusing Touch          Hex            0%         N/A       99%         3
 Vampiric Draining        Necr           0%         2d6       99%         3


Dungeon Overview and Level Annotations

Branches:
Dungeon (6/15)
 Temple: D:4-7

Altars:
Ashenzari
Makhleb

Shops:
D:4 =

Annotations:
D:4 exclusion: black bear


Message History

The floor.
Unknown command.
You hit the gnoll.
The gnoll is heavily wounded.
The gnoll hits you with a +2 vampiric whip.
The gnoll draws strength from your wounds!
You hit the gnoll.
The gnoll is heavily wounded.
The gnoll barely misses you.
You hit the gnoll but do no damage.
The gnoll is heavily wounded.
The gnoll completely misses you.
You hit the gnoll but do no damage.
The gnoll is heavily wounded.
The gnoll hits you with a +2 vampiric whip.
The gnoll draws strength from your wounds!
You hit the gnoll but do no damage.
The gnoll is heavily wounded.
The gnoll hits you with a +2 vampiric whip.
* * * LOW HITPOINT WARNING * * *
The gnoll draws strength from your wounds!
You hit the gnoll but do no damage.
The gnoll is moderately wounded.
The gnoll hits you with a +2 vampiric whip!
* * * LOW HITPOINT WARNING * * *
The gnoll draws strength from your wounds!
You hit the gnoll but do no damage. The gnoll hits you but does no damage.
You hit the gnoll.
The gnoll is moderately wounded.
The gnoll closely misses you.
You barely miss the gnoll.
The gnoll is moderately wounded.
The gnoll barely misses you.
You completely miss the gnoll.
The gnoll is moderately wounded.
The gnoll closely misses you. x2
You hit the gnoll but do no damage.
The gnoll is moderately wounded.
The gnoll hits you with a +2 vampiric whip.
You die...

.#####.# **,,,** ##..# #.#
.# #.# *#'#* #..#####.# .#
#.# #.# #........# .# #.#
#.# #.########
.#####.#########.## #g# #
......g...........## #.#
###.#.###..........#####.#
#.#.# #.......g........#
#.#.###.......@#########
#..............#
###.####.......#
#.##*##.####.#
****#...,...# #.#
,,,,,g......# #.# #
,****#.####.####.### ## ,*
#.# #.##.....# ########.
,*####.####.##.....#
#........


You could see a gnoll.

Vanquished Creatures
  An adder (D:4)
  A dart slug (D:4)
  3 orcs (D:4)
  A ball python (D:4)
  3 endoplasms (D:4)
  A giant cockroach (D:4)
  2 quokkas (D:4)
  2 kobolds
14 creatures vanquished.

Notes
Turn   | Place    | Note
-------+----------+-------------------------------------------
     0 | D:5      | comborobin the Hill Orc Delver began the quest for the Orb.
     0 | D:5      | Reached XP level 1. HP: 19/19 MP: 1/1
    30 | D:5      | Noticed an iguana
    66 | D:5      | Noticed a jelly
    71 | D:5      | Noticed an iguana
   101 | D:4      | Found Gused's Jewellery Shoppe.
   301 | D:4      | Reached XP level 2. HP: 20/26 MP: 2/2
   398 | D:4      | Noticed a black bear
   475 | D:4      | Found a broken altar of Ashenzari.
   636 | D:4      | Found a burning altar of Makhleb.
   786 | D:4      | Reached XP level 3. HP: 31/31 MP: 3/3
   879 | D:4      | Slain by a gnoll

Illustrated notes

Levels and vault maps discovered:
D:3:      layout_rooms, chequers_garden, uniq_natasha
D:4:      layout_loops_corners, mainiacjoe_overflow_surrounded_room,
          bloody_makhleb, ashenzari_altar_1, general_overflow_altar,
          serial_shops, shop, nicolae_shop_clearance
D:5:      layout_cave_pools, nicolae_yredelemnul_corpse_copse,
          mainiacjoe_overflow_two_lobes, minmay_misc_feat_pillars
D:6:      minmay_octagon_keep, layout_loops_ring, uniq_prince_ribbit1

Skill      XL: |  1  2 |
---------------+-------+-----
Axes           | 3 4 |  4.8
Fighting       | |  3.6
Dodging        | |  1.5
Stealth        | |  4.1

Action                     || total
---------------------------++-------
  Melee: Hand axe          ||    66
         Punch             ||     2
  Evoke: Wand              ||     3
    Use: Scroll            ||     3
         Potion            ||     1
   Stab: Sleeping          ||     1
 Armour: Leather armour    ||     4
         Scale mail        ||    15
         Ring mail         ||     3
  Dodge: Dodged            ||    34
